 Dungeon Crawl Stone Soup version 0.22.1-1-ga44c0e56f4 (webtiles) character file.

989 Jynx the Basher (level 8, -11/46 HPs)
             Began as a Gargoyle Fighter on Oct 19, 2018.
             Mangled by an ogre
             ... wielding a +0 giant spiked club
              (27 damage)
             ... on level 4 of the Dungeon.
             The game lasted 00:07:25 (4089 turns).

Jynx the Basher (Gargoyle Fighter)                  Turns: 4089, Time: 00:07:26

Health: -11/46     AC: 14    Str: 22    XL:     8   Next: 18%
Magic:  8/8        EV:  5    Int:  8    God:
Gold:   207        SH: 11    Dex: 16    Spells: 7/7 levels left

rFire    . . .     SeeInvis .   a - +1 flail
rCold    . . .     Gourm    .   c - +1 shield
rNeg     + + .     Faith    .   j - +0 chain mail
rPois    ∞         Spirit   .   (no helmet)
rElec    +         Reflect  .   (no cloak)
rCorr    .         Harm     +   (no gloves)
MR       .....                  (no boots)
Stlth    ..........             l - amulet of harm
HPRegen  0.15/turn              g - +6 ring of dexterity
MPRegen  0.11/turn              k - ring of positive energy

@: no status effects
A: negative energy resistance 1, electricity resistance, unbreathing,
petrification resistance, rot immunity, AC +5
a: no special abilities


You were on level 4 of the Dungeon.
You were near starving.

You visited 1 branch of the dungeon, and saw 4 of its levels.

You collected 227 gold pieces.
You spent 20 gold pieces at shops.

Inventory:

Hand Weapons
 a - a +1 flail (weapon)
Armour
 c - a +1 shield (worn)
 j - a +0 chain mail (worn)
 m - a +0 plate armour
Jewellery
 b - an uncursed ring of protection from fire {unknown}
 g - a +6 ring of dexterity (left hand)
 k - a ring of positive energy (right hand)
 l - an amulet of harm (around neck)
Potions
 d - a potion of might
 e - 2 potions of curing
 h - 2 potions of agility
 i - a potion of haste {unknown}
 n - a potion of degeneration {unknown}
 o - a potion of heal wounds {unknown}
 p - a potion of brilliance {unknown}
 q - a potion of ambrosia {unknown}
Comestibles
 f - 7 rations


   Skills:
 - Level 3.2 Fighting
 * Level 9.4 Maces & Flails
 - Level 3.2 Armour
 - Level 3.2 Shields


You had 7 spell levels left.
You didn't know any spells.
Your spell library was empty.

Dungeon Overview and Level Annotations

Branches:
Dungeon (4/15)
 Temple: D:4-7

Altars:

Shops:
D:4 ?

Annotations:
D:4 Eustachio


Innate Abilities, Weirdness & Mutations

You are resistant to torment.
Your stone body is resilient. (AC +5)
You are immune to poison.
You resist negative energy. (rN+)
You are resistant to electric shocks. (rElec)
You can survive without breathing.
You are immune to petrification.
You are immune to rotting.


Message History

You block the worker ant's attack.
The ogre hits you with a giant spiked club!!
Ouch! That really hurt!
You hit the ogre but do no damage.
The ogre is heavily wounded.
The worker ant bites you but does no damage.
You hit the ogre.
The ogre is severely wounded.
The worker ant bites you but does no damage.
You block the ogre's attack. You block the worker ant's attack.
You barely miss the ogre.
The ogre is severely wounded.
The ogre hits you with a giant spiked club.
The worker ant bites you.
You hit the ogre.
The ogre is almost dead.
The worker ant bites you but does no damage.
The ogre hits you with a giant spiked club!!
Ouch! That really hurt!
You die...

... #.........#
.... #.........#
..... ##.........#
.....###..........#
..................#
........##........#
.....##@###......##
.... #aO####....# #
.. #.@# ####.# #
##.# ### # ... #
..... # #######


You could see Eustachio, an ogre and a worker ant.

Vanquished Creatures
  Pikel (D:4)
  2 bullfrogs
  2 hounds (D:4)
  4 orc priests
  2 bullfrog skeletons (D:4)
  A worker ant (D:4)
  4 adders
  An ooze (D:3)
  2 worms
  2 dart slugs
  2 leopard geckos
  12 orcs
  8 bats
  6 giant cockroaches
  6 hobgoblins
  11 jackals
  A quokka (D:3)
  5 frilled lizards
  7 goblins
  6 kobolds
  10 rats
95 creatures vanquished.

Notes
Turn   | Place    | Note
-------+----------+-------------------------------------------
     0 | D:1      | Jynx the Gargoyle Fighter began the quest for the Orb.
     0 | D:1      | Reached XP level 1. HP: 14/14 MP: 1/1
   124 | D:1      | Reached XP level 2. HP: 16/19 MP: 2/2
   164 | D:1      | Reached skill level 3 in Maces & Flails
   400 | D:1      | Reached XP level 3. HP: 22/23 MP: 3/3
  1210 | D:2      | Reached skill level 4 in Maces & Flails
  1844 | D:3      | Reached XP level 4. HP: 28/28 MP: 4/4
  2024 | D:3      | Noticed a bullfrog
  2033 | D:3      | Killed a bullfrog
  2033 | D:3      | Reached skill level 5 in Maces & Flails
  2033 | D:3      | Reached XP level 5. HP: 32/32 MP: 5/5
  2045 | D:3      | Found a faded altar of an unknown god.
  2091 | D:3      | HP: 1/32 [orc priest/divine providence (16)]
  2746 | D:3      | Reached skill level 6 in Maces & Flails
  2746 | D:3      | Reached XP level 6. HP: 27/37 MP: 6/6
  3428 | D:4      | Reached skill level 7 in Maces & Flails
  3437 | D:4      | Reached XP level 7. HP: 34/41 MP: 7/7
  3609 | D:4      | Noticed Pikel
  3639 | D:4      | Killed Pikel
  3639 | D:4      | Reached skill level 9 in Maces & Flails
  3639 | D:4      | Reached XP level 8. HP: 14/46 MP: 8/8
  3843 | D:4      | Found Tutir's Magic Scroll Shoppe.
  3849 | D:4      | Bought a scroll of identify for 20 gold pieces
  4078 | D:4      | Noticed Eustachio
  4089 | D:4      | Mangled by an ogre

Skill      XL: |  1  2  3  4  5  6  7 |
---------------+----------------------+-----
Maces & Flails | 3 4 5 6 7 9 |  9.4
Fighting       | |  3.2
Armour         | |  3.2
Shields        | |  3.2

Action                   |  1- 3 |  4- 6 |  7- 9 || total
-------------------------+-------+-------+-------++-------
Melee: Flail             |   177 |   171 |    41 ||   389
  Use: Scroll            |     2 |     5 |     3 ||    10
  Eat: Chunk             |     3 |     6 |       ||     9
Armor: Scale mail        |   114 |       |       ||   114
       Chain mail        |     7 |   127 |    20 ||   154
Dodge: Dodged            |    60 |    42 |     7 ||   109
Block: Shield            |   100 |   136 |    29 ||   265
